 Dungeon Crawl Stone Soup version 0.31-a0-145-g046c7d2549 (webtiles) character file.

Game seed: 5786084791386645133

8544 Kenran the Carver (level 11, -8/90 HPs)
             Began as a Human Berserker on June 6, 2023.
             Was a High Priest of Trog.
             Mangled by Fannar
             ... wielding a +0 quarterstaff of freezing
              (14 damage)
             ... on level 10 of the Dungeon.
             The game lasted 00:14:54 (10172 turns).

Kenran the Carver (Human Berserker)                Turns: 10172, Time: 00:14:55

Health: -8/90      AC: 14    Str: 23    XL:     11   Next: 57%
Magic:  0/11       EV: 13    Int: 14    God:    Trog [*****.]
Gold:   530        SH:  0    Dex: 18    Spells: 10/10 levels left

rFire   + . .        k - +7 mace "Keqer" {venom, Fly}
rCold   . . .        (no shield)
rNeg    . . .        d - +0 scale mail
rPois   .            B - +0 helmet
rElec   .            I - +2 cloak of the Poles {Int+3}
rCorr   .            (no gloves)
SInv    .            K - +1 pair of boots "Fulian" {Will+ Int+4}
Will    +....        D - amulet of guardian spirit Stlth
                     i - ring of protection from fire
HPRegen 0.35/turn    p - +6 ring of strength
MPRegen 0.12/turn

%: guardian spirit
@: flying
A: no striking features
a: Renounce Religion, Berserk, Trog's Hand, Brothers in Arms


You were on level 10 of the Dungeon.
You worshipped Trog.
Trog was extremely pleased with you.
You visited 1 branch of the dungeon, and saw 10 of its levels.
You also visited: Ossuary and Bailey.

You collected 947 gold pieces.
You spent 417 gold pieces at shops.

Inventory:

Hand Weapons
 k - the +7 mace "Keqer" (weapon) {venom, Fly}
   (You found it on level 2 of the Dungeon)

   Fly:       It grants you flight.
 l - a +2 long sword of holy wrath
Armour
 d - a +0 scale mail (worn)
 B - a +0 helmet (worn)
 I - the +2 cloak of the Poles (worn) {Int+3}
   (You found it in a bailey)

   Int:       It affects your intelligence (+3).
 K - the +1 pair of boots "Fulian" (worn) {Will+ Int+4}
   (You found it on level 10 of the Dungeon)

   Int:       It affects your intelligence (+4).
   Will:      It increases your willpower.
Jewellery
 i - a ring of protection from fire (left hand)
 p - a +6 ring of strength (right hand)
 D - an amulet of guardian spirit (around neck)
Wands
 f - a wand of roots (16)
 z - a wand of polymorph (5)
 C - a wand of mindburst (15)
 G - a wand of paralysis (8)
Scrolls
 c - 2 scrolls of fog
 g - 2 scrolls of magic mapping
 h - 4 scrolls of poison {!r}
 t - 10 scrolls of teleportation
 u - 2 scrolls of immolation {!r}
 w - a scroll of silence
 x - 3 scrolls of vulnerability {unknown}
 y - 3 scrolls of blinking
 A - 2 scrolls of enchant armour
 E - 2 scrolls of enchant weapon {unknown}
 H - a scroll of fear
 J - a scroll of identify {@r1}
Potions
 a - a potion of cancellation {unknown}
 b - a potion of brilliance {unknown}
 e - 2 potions of magic {unknown}
 j - 5 potions of curing {unknown}
 m - 2 potions of mutation {unknown}
 n - 4 potions of might
 o - a potion of resistance {unknown}
 q - 4 potions of attraction {unknown}
 r - 2 potions of berserk rage {unknown}
 s - 3 potions of lignification {unknown}
 v - 2 potions of invisibility {unknown}


   Skills:
 - Level 10.0 Fighting
 + Level 10.9 Long Blades
 - Level 6.0 Maces & Flails
 - Level 5.0 Armour
 - Level 6.1 Dodging
 - Level 3.0 Evocations


You had 10 spell levels left.
You didn't know any spells.
Your spell library was empty.

Dungeon Overview and Level Annotations

Branches:
Dungeon (10/15)            Temple (0/1) D:5             Orc (0/2) D:9
Ossuary (visited)          Bailey (visited)
   Lair: D:8-11

Altars:
Ashenzari
Dithmenos
Elyvilon
Qazlal
Sif Muna
The Shining One

Shops:
D:4 *   D:6 *   D:8 ?   D:9 *

Annotations:
D:8 1 runed translucent door, blade888's ghost, novice DsCj
D:10 Fannar


Message History

You thump Fannar!
Fannar looks as sick as possible!
Fannar is moderately wounded.
Some snowflakes condense on Fannar.
Fannar hits you with a +0 quarterstaff of freezing!
Fannar freezes you.
The ice beast hits you but does no damage.
You hit Fannar.
Fannar looks as sick as possible!
Fannar is moderately wounded.
Fannar barely misses you.
The ice beast hits you but does no damage.
You hit Fannar.
Fannar looks as sick as possible!
You punch Fannar.
Fannar is heavily wounded.
Fannar hits you with a +0 quarterstaff of freezing.
Fannar freezes you. The ice beast closely misses you.
Fannar gestures wildly while chanting.
Fannar drains the heat from the surrounding environment!
You thump Fannar!
Fannar looks as sick as possible!
Fannar is severely wounded.
The ice beast barely misses you. Fannar misses you.
You closely miss Fannar.
Fannar is severely wounded.
The ice beast hits you but does no damage.
Fannar hits you with a +0 quarterstaff of freezing!
Fannar freezes you.
You barely miss Fannar.
Fannar is severely wounded.
The ice beast hits you. The ice beast freezes you!
* * * LOW HITPOINT WARNING * * *
Fannar hits you with a +0 quarterstaff of freezing!
* * * LOW HITPOINT WARNING * * *
Fannar freezes you.
* * * LOW HITPOINT WARNING * * *
Fannar attacks as you move away!
Fannar hits you with a +0 quarterstaff of freezing!
* * * LOW HITPOINT WARNING * * *
Fannar freezes you.
* * * LOW HITPOINT WARNING * * *
Fannar mumbles some strange words.
Fannar drains the heat from the surrounding environment!
You die...

###.... .# ##
..(.... .# .
.....>. .#.####
#....#.#.....
#.....$....
#).#..... #e)...#
#Y##.## #@# # #.#
# #. #.# .#
######.. #.# ..##
#...... #.#
...###..... #.#
#...##....# #.#
##...#....######.#
.)........##.....#


You could see Fannar (extremely poisoned) and an ice beast (summoned).

Vanquished Creatures
  A two-headed ogre (D:10)
  A deep elf pyromancer (Bailey)
  An orc knight (Bailey)
  Maurice (D:8)
  Maggie (D:8)
  A troll (D:10)
  Prince Ribbit (D:8)
  A shadow (D:9)
  2 wyverns
  8 yaks
  Grum (D:8)
  A water moccasin (D:8)
  An acid dragon (D:9)
  4 ice beasts
  7 orc warriors
  2 black bears
  2 sky beasts (D:7)
  3 wolves (D:8)
  An ogre (D:6)
  A centaur (D:9)
  5 kobold brigands
  3 bullfrogs
  6 scorpions
  9 killer bees
  3 howler monkeys (D:8)
  3 hounds
  3 jellies
  A gnoll bouda (D:8)
  3 orc priests
  9 orc wizards
  An iguana (D:4)
  A mummy (Ossuary)
  12 gnolls
  8 adders
  A shadow imp (D:5)
  A white imp (D:7)
  An ufetubus (D:6)
  27 orcs
  3 spectral bats (Ossuary)
  8 ball pythons
  10 endoplasms
  A giant cockroach (D:2)
  7 goblins
  4 hobgoblins
  2 jackals (D:3)
  3 quokkas
  3 bats (D:3)
  4 bat simulacra (Ossuary)
  A frilled lizard (D:2)
  12 gnoll zombies (Ossuary)
  3 goblin simulacra (Ossuary)
  7 goblin zombies (Ossuary)
  4 hobgoblin zombies (Ossuary)
  27 kobolds
  2 kobold simulacra (Ossuary)
  3 kobold zombies (Ossuary)
  4 orc zombies (Ossuary)
  3 rats
  4 rat simulacra (Ossuary)
  5 spectral goblins (Ossuary)
  7 spectral kobolds (Ossuary)
  2 spectral rats (Ossuary)
267 creatures vanquished.

Vanquished Creatures (others)
  2 orcs (D:10)
2 creatures vanquished.

Grand Total: 269 creatures vanquished

Notes
Turn   | Place    | Note
-------+----------+-------------------------------------------
     0 | D:1      | Kenran the Human Berserker began the quest for the Orb.
     0 | D:1      | Reached XP level 1. HP: 18/18 MP: 1/1
   319 | D:1      | Reached XP level 2. HP: 19/24 MP: 2/2
   703 | D:2      | Reached XP level 3. HP: 27/29 MP: 3/3
  1073 | D:2      | Found a broken altar of Ashenzari.
  1119 | D:1      | Reached XP level 4. HP: 35/35 MP: 4/4
  1170 | D:2      | Reached skill level 5 in Long Blades
  1366 | D:2      | Identified the +7 mace "Keqer" {venom, Fly}
  1457 | D:2      | Found a faded altar of an unknown god.
  1675 | D:2      | Reached XP level 5. HP: 41/41 MP: 5/5
  1969 | D:3      | Noticed a black bear
  1973 | D:3      | Killed a black bear
  1974 | D:3      | Reached XP level 6. HP: 33/49 MP: 6/6
  2351 | D:3      | Reached skill level 5 in Fighting
  2460 | D:4      | Reached XP level 7. HP: 57/57 MP: 7/7
  2506 | D:4      | Reached ** piety under Trog
  3502 | D:4      | Found Ugewkaam's General Store.
  3507 | D:4      | Bought a scroll of teleportation for 39 gold pieces
  3609 | D:5      | Entered Level 5 of the Dungeon
  3623 | D:5      | Reached skill level 1 in Maces & Flails
  3651 | D:5      | Found a staircase to the Ecumenical Temple.
  3750 | D:5      | Found a sand-covered staircase.
  3755 | Ossuary  | Entered an ossuary
  3855 | Ossuary  | Reached *** piety under Trog
  4042 | Ossuary  | Reached **** piety under Trog
  4239 | D:5      | Reached XP level 8. HP: 55/64 MP: 8/8
  4295 | D:5      | Reached skill level 5 in Maces & Flails
  5552 | D:6      | Reached XP level 9. HP: 69/74 MP: 9/9
  5921 | D:6      | Found Yxzunyfi's Assorted Antiques.
  5924 | D:6      | Bought a scroll labelled UGITAO WUCSAM for 27 gold pieces
  5924 | D:6      | Bought a pair of runed boots for 202 gold pieces
  6252 | D:7      | Found a shimmering blue altar of Sif Muna.
  6496 | D:7      | Found a shadowy altar of Dithmenos.
  6625 | D:7      | Found a glowing golden altar of the Shining One.
  6658 | D:7      | Reached skill level 10 in Fighting
  7166 | D:8      | Reached skill level 1 in Evocations
  7270 | D:8      | Reached XP level 10. HP: 58/85 MP: 7/10
  7441 | D:8      | Found a runed translucent door.
  7441 | D:8      | Noticed blade888's ghost (novice DsCj)
  7561 | D:8      | Noticed Maggie
  7576 | D:8      | Killed Maggie
  7577 | D:8      | Reached skill level 5 in Dodging
  7670 | D:8      | Noticed Grum
  7681 | D:8      | Killed Grum
  7767 | D:8      | Noticed Prince Ribbit
  7775 | D:8      | Killed Prince Ribbit
  7872 | D:8      | Noticed Maurice
  7884 | D:8      | Killed Maurice
  8034 | D:8      | Found Xailoef's Magic Scroll Shop.
  8037 | D:8      | Bought 2 scrolls of identify for 44 gold pieces
  8037 | D:8      | Bought a scroll of blinking for 82 gold pieces
  8214 | D:9      | Found a staircase to the Orcish Mines.
  8276 | D:9      | Found a white marble altar of Elyvilon.
  8610 | D:9      | Reached XP level 11. HP: 76/90 MP: 11/11
  8714 | D:9      | Found Ymadit's Assorted Antiques.
  8771 | D:9      | Found a flagged portal.
  8777 | D:9      | Reached ***** piety under Trog
  8796 | Bailey   | Entered a bailey
  8946 | Bailey   | Found a large runed translucent door.
  8946 | Bailey   | Found a large runed translucent door.
  8957 | Bailey   | Reached skill level 10 in Long Blades
  9027 | Bailey   | Noticed an orc knight
  9027 | Bailey   | Noticed a deep elf pyromancer
  9057 | Bailey   | Killed an orc knight
  9371 | Bailey   | Killed a deep elf pyromancer
  9372 | Bailey   | Reached skill level 5 in Armour
  9389 | Bailey   | Identified the +2 cloak of the Poles {Int+3}
  9525 | D:9      | Bought an orange potion for 23 gold pieces
  9902 | D:10     | Entered Level 10 of the Dungeon
  9922 | D:10     | Identified the +1 pair of boots "Fulian" {Will+ Int+4}
  9926 | D:10     | Noticed a two-headed ogre
  9931 | D:10     | Killed a two-headed ogre
  9992 | D:10     | Found a stormy altar of Qazlal.
 10158 | D:10     | Noticed Fannar
 10172 | D:10     | Mangled by Fannar

Illustrated notes

Levels and vault maps discovered:
D:1:      shiori_shiawase, layout_loops_ring
D:2:      layout_basic, serial_curves, eino_curves_01, eino_curves_03,
          shapermc_ecumenical_altar_acropolis, basic_altar
D:3:      layout_basic
D:4:      layout_layer_cave, serial_shops, kennysheep_little_box
D:5:      layout_basic, minmay_temple_entry_mist, nicolae_ossuary_entry_plus,
          minmay_small_thing
D:6:      layout_basic, serial_shops, nicolae_shop_real_fake_doors
D:7:      layout_basic, mainiacjoe_overflow_alcove_1,
          grunt_dithmenos_smoke_and_mirrors, amcnicky_altar_gilded
D:8:      layout_basic, hellmonk_ghost_big_iron, serial_shops,
          nicolae_shop_behind_doors, uniq_grum, uniq_maggie, uniq_maurice,
          uniq_prince_ribbit1
D:9:      layout_roguey, elyvilon_altar_5, orc_0_dummy, enter_bailey_7,
          serial_shops, shop
D:10:     layout_basic, nicolae_qazlal_style_of_elements, water_boxes_lemuel,
          uniq_fannar

Skill      XL: |  1  2  3  4  5  6  7  8  9 10 11 |
---------------+----------------------------------+-----
Long Blades    | 4 5 9 10 | 10.9
Fighting       | 4 5 6 8 10 | 10.0
Maces & Flails | 4 5 6 |  6.0
Evocations     | 2 3 |  3.0
Dodging        | 3 6 |  6.1
Armour         | 5 |  5.0

Action                     |  1- 3 |  4- 6 |  7- 9 | 10-12 || total
---------------------------+-------+-------+-------+-------++-------
  Melee: Falchion          |    66 |    14 |       |       ||    80
         Mace              |       |    48 |   342 |   266 ||   656
         Punch             |       |     1 |     3 |     6 ||    10
 Invoke: Berserk           |     2 |     1 |       |     1 ||     4
  Evoke: Wand              |       |       |     2 |     4 ||     6
    Use: Scroll            |       |       |     6 |     3 ||     9
 Armour: Scale mail        |    45 |    28 |   138 |   108 ||   319
  Dodge: Dodged            |    39 |    44 |   173 |   229 ||   485

Table legend: (Time is in decaauts)
 A = Elapsed time spent in this place.
 B = Non-inter-level travel time spent in this place.
 C = Inter-level travel time spent in this place.
 D = Time resting spent in this place.
 E = Time spent auto-exploring this place.
 F = Levels seen in this place.
 G = Mean time per level.
                   A        B        C        D        E       F      G
               +--------+--------+--------+--------+--------+-----+--------+
         Total |  10333 |  10071 |    262 |   1046 |   6514 |  12 |  861.1 |
       Dungeon |   9211 |   8949 |    262 |    942 |   6113 |  10 |  921.1 |
       Ossuary |    414 |    414 |      0 |      0 |    164 |   1 |  414.0 |
        Bailey |    707 |    707 |      0 |    104 |    237 |   1 |  707.0 |
               +--------+--------+--------+--------+--------+-----+--------+

Top non-repeatable levels by time:
     D:8: 1178 daAuts
     D:2: 1147 daAuts
     D:6: 1140 daAuts
     D:7: 1066 daAuts
     D:5: 979 daAuts
     D:9: 900 daAuts
     D:3: 900 daAuts
     D:4: 867 daAuts
     D:1: 759 daAuts
  Bailey: 707 daAuts
 Ossuary: 414 daAuts
    D:10: 273 daAuts
